TOP OF THE 1ST |
Houston Hammertime batting - Pitching for Santa Monica Bruins : RHP Jesús De Los Santos
|
Pitching: RHP Jesús De Los Santos
|
|
Batting: SHB Carlos Córdova
|
0-0: Called Strike 0-1: Foul Ball, location: 2F 0-2: Ball 1-2: Strikes out swinging
|
Batting: RHB Alonso Holguín
|
0-0: Called Strike 0-1: Foul Ball, location: 2F 0-2: Ball 1-2: Strikes out swinging
|
Batting: LHB Tom Baker
|
0-0: Called Strike 0-1: Swinging Strike 0-2: Foul Ball, location: 2F 0-2: Strikes out looking
|
Top of the 1st over - 0 run(s), 0 hit(s), 0 error(s), 0 left on base; Houston 0 - Santa Monica 0 |
BOTTOM OF THE 1ST |
Santa Monica Bruins batting - Pitching for Houston Hammertime : RHP Takehide Ono
|
Pitching: RHP Takehide Ono
|
|
Batting: LHB Francisco Medina
|
0-0: Called Strike 0-1: Ball 1-1: Foul Ball, location: 2F 1-2: Ground out 4-3 (Groundball, 4)
|
Batting: RHB Luis Martínez
|
0-0: Fly out, F8 (Flyball, 8RM)
|
Batting: LHB Sammy Marshall
|
0-0: Called Strike 0-1: SOLO HOME RUN (Flyball, 89XD), Distance : 412 ft
|
Batting: RHB Griswold Coleman
|
0-0: Ball 1-0: Called Strike 1-1: Ground out 5-3 (Groundball, 56)
|
Bottom of the 1st over - 1 run(s), 1 hit(s), 0 error(s), 0 left on base; Houston 0 - Santa Monica 1 |
TOP OF THE 2ND |
Houston Hammertime batting - Pitching for Santa Monica Bruins : RHP Jesús De Los Santos
|
Batting: LHB Leonardo Medina
|
0-0: Ball 1-0: DOUBLE (Groundball, 3L)
|
Batting: RHB Dan Mason
|
0-0: Called Strike 0-1: Called Strike 0-2: Ball 1-2: Ball 2-2: Strikes out swinging
|
Batting: RHB Santo Cruz
|
0-0: Called Strike 0-1: Swinging Strike 0-2: DOUBLE (Line Drive, 8LXD) Leonardo Medina scores
|
Batting: RHB Carlos Pérez
|
0-0: Called Strike 0-1: Foul Ball, location: 2F 0-2: Ball 1-2: Fly out, F9 (Flyball, 9)
|
Batting: RHB Alberto Chávez
|
0-0: Called Strike 0-1: Ball 1-1: Foul Ball, location: 2F 1-2: Ball 2-2: Strikes out swinging
|
Top of the 2nd over - 1 run(s), 2 hit(s), 0 error(s), 1 left on base; Houston 1 - Santa Monica 1 |
BOTTOM OF THE 2ND |
Santa Monica Bruins batting - Pitching for Houston Hammertime : RHP Takehide Ono
|
Batting: RHB Johnny Williams
|
0-0: Called Strike 0-1: Ground out 4-3 (Groundball, 4)
|
Batting: LHB Ramiro Martínez
|
0-0: Called Strike 0-1: Ball 1-1: Ball 2-1: Ball 3-1: Foul Ball, location: 2F 3-2: Base on Balls
|
Batting: SHB Ray Burgess
|
0-0: Called Strike 0-1: Swinging Strike 0-2: Ball 1-2: Foul Ball, location: 2F 1-2: Ball 2-2: Ball 3-2: SINGLE (Line Drive, 89M) Ramiro Martínez to second Ramiro Martínez to third
|
Batting: RHB Fletcher Reed
|
0-0: Ball 1-0: Called Strike 1-1: Foul Ball, location: 2F 1-2: Ball 2-2: Foul Ball, location: 2F 2-2: Ball 3-2: Fly out, F5 (Line Drive, 56)
|
Batting: RHB Mario Beltrán
|
0-0: Fly out, F7 (Flyball, 78D)
|
Bottom of the 2nd over - 0 run(s), 1 hit(s), 0 error(s), 2 left on base; Houston 1 - Santa Monica 1 |
TOP OF THE 3RD |
Houston Hammertime batting - Pitching for Santa Monica Bruins : RHP Jesús De Los Santos
|
Batting: LHB Fernando Camacho
|
0-0: Called Strike 0-1: Foul Ball, location: 2F 0-2: Ball 1-2: Strikes out swinging
|
Batting: SHB Carlos Córdova
|
0-0: Ball 1-0: Ball 2-0: Ball 3-0: Base on Balls
|
Batting: RHB Alonso Holguín
|
0-0: Fielders Choice at 2nd, 6-4 (Groundball, 6)
|
Batting: LHB Tom Baker
|
0-0: Ball 1-0: Ball 2-0: Swinging Strike 2-1: DOUBLE (Groundball, 3L) Alonso Holguín to third
|
Batting: LHB Leonardo Medina
|
0-0: Foul Ball, location: 2F 0-1: Swinging Strike 0-2: Ball 1-2: Ball 2-2: Ball 3-2: Base on Balls
|
Batting: RHB Dan Mason
|
0-0: Ball 1-0: Called Strike 1-1: Foul Ball, location: 2F 1-2: SINGLE (Line Drive, 34D) Alonso Holguín scores Tom Baker to third Leonardo Medina to second Runner from 3rd tries for Home, SAFE, no throw
|
Batting: RHB Santo Cruz
|
0-0: Ball 1-0: Called Strike 1-1: Foul Ball, location: 2F 1-2: Ball 2-2: Foul Ball, location: 2F 2-2: Ball Wild Pitch! Leonardo Medina to third Dan Mason to second 3-2: Ground out 6-3 (Groundball, 6)
|
Top of the 3rd over - 2 run(s), 2 hit(s), 0 error(s), 2 left on base; Houston 3 - Santa Monica 1 |
BOTTOM OF THE 3RD |
Santa Monica Bruins batting - Pitching for Houston Hammertime : RHP Takehide Ono
|
Batting: LHB Francisco Medina
|
0-0: Ground out 4-3 (Groundball, 4S)
|
Batting: RHB Luis Martínez
|
0-0: Called Strike 0-1: Ball 1-1: Ground out 1-3 (Groundball, 13S)
|
Batting: LHB Sammy Marshall
|
0-0: Called Strike 0-1: SOLO HOME RUN (Flyball, 9D), Distance : 353 ft
|
Batting: RHB Griswold Coleman
|
0-0: Ball 1-0: Ball 2-0: Ground out 6-3 (Groundball, 6D)
|
Bottom of the 3rd over - 1 run(s), 1 hit(s), 0 error(s), 0 left on base; Houston 3 - Santa Monica 2 |
TOP OF THE 4TH |
Houston Hammertime batting - Pitching for Santa Monica Bruins : RHP Jesús De Los Santos
|
Batting: RHB Carlos Pérez
|
0-0: SINGLE (Line Drive, 8LS)
|
Batting: RHB Alberto Chávez
|
0-0: Called Strike 0-1: Swinging Strike 0-2: SINGLE (Line Drive, 6MD) Carlos Pérez to second
|
Batting: LHB Fernando Camacho
|
0-0: Ball 1-0: Swinging Strike 1-1: Swinging Strike 1-2: Strikes out looking
|
Batting: SHB Carlos Córdova
|
0-0: Ball Wild Pitch! Carlos Pérez to third Alberto Chávez to second 1-0: SINGLE (Line Drive, 4MD) Carlos Pérez scores Alberto Chávez to third Runner from 3rd tries for Home, SAFE, throw made home Carlos Córdova to second
|
Pitching: RHP Mario Chávez
|
|
Batting: RHB Alonso Holguín
|
0-0: Called Strike Carlos Córdova steals 3rd base 0-1: Foul Ball, location: 2F 0-2: Foul Ball, location: 2F 0-2: Ball 1-2: Ground out 4-3 (Groundball, 4) Carlos Córdova scores
|
Batting: LHB Tom Baker
|
0-0: Foul Ball, location: 2F 0-1: Swinging Strike 0-2: Ball 1-2: Foul Ball, location: 2F 1-2: Ball 2-2: Strikes out looking
|
Top of the 4th over - 3 run(s), 3 hit(s), 0 error(s), 0 left on base; Houston 6 - Santa Monica 2 |
BOTTOM OF THE 4TH |
Santa Monica Bruins batting - Pitching for Houston Hammertime : RHP Takehide Ono
|
Batting: RHB Johnny Williams
|
0-0: Ball 1-0: Called Strike 1-1: Foul Ball, location: 2F 1-2: Foul Ball, location: 2F 1-2: Ball 2-2: Strikes out swinging
|
Batting: LHB Ramiro Martínez
|
0-0: Called Strike 0-1: Ball 1-1: SOLO HOME RUN (Flyball, 78XD), Distance : 415 ft
|
Batting: SHB Ray Burgess
|
0-0: Called Strike 0-1: Ball 1-1: Ball 2-1: SOLO HOME RUN (Line Drive, 9D), Distance : 365 ft
|
Batting: RHB Fletcher Reed
|
0-0: Called Strike 0-1: Foul Ball, location: 2F 0-2: Foul Ball, location: 2F 0-2: Ball 1-2: Ball 2-2: Ball 3-2: Ground out U3 (Groundball, 34)
|
Batting: RHB Mario Beltrán
|
0-0: Ball 1-0: Ball 2-0: Fly out, F8 (Flyball, 8RD)
|
Bottom of the 4th over - 2 run(s), 2 hit(s), 0 error(s), 0 left on base; Houston 6 - Santa Monica 4 |
TOP OF THE 5TH |
Houston Hammertime batting - Pitching for Santa Monica Bruins : RHP Mario Chávez
|
Batting: LHB Leonardo Medina
|
0-0: Ball 1-0: Called Strike 1-1: Foul Ball, location: 2F 1-2: Ball 2-2: Foul Ball, location: 2F 2-2: Ball 3-2: SINGLE (Groundball, 34D)
|
Batting: RHB Dan Mason
|
0-0: Called Strike 0-1: Called Strike 0-2: Ball 1-2: 2-RUN HOME RUN (Flyball, 7LD), Distance : 342 ft
|
Batting: RHB Santo Cruz
|
0-0: Ground out 5-3 (Groundball, 56)
|
Batting: RHB Carlos Pérez
|
0-0: Called Strike 0-1: Ball 1-1: Ball 2-1: Ball 3-1: Base on Balls
|
Batting: RHB Alberto Chávez
|
0-0: Called Strike 0-1: Foul Ball, location: 2F 0-2: Strikes out swinging
|
Batting: LHB Fernando Camacho
|
0-0: Ball Carlos Pérez steals 2nd base 1-0: Called Strike 1-1: Foul Ball, location: 2F 1-2: Foul Ball, location: 2F 1-2: Foul Ball, location: 2F 1-2: Ball 2-2: SINGLE (Line Drive, 6) Carlos Pérez to third
|
Batting: SHB Carlos Córdova
|
0-0: Ball 1-0: Swinging Strike 1-1: Ball 2-1: Foul Ball, location: 2F 2-2: Ball 3-2: Ground out U3 (Groundball, 3)
|
Top of the 5th over - 2 run(s), 3 hit(s), 0 error(s), 2 left on base; Houston 8 - Santa Monica 4 |
BOTTOM OF THE 5TH |
Santa Monica Bruins batting - Pitching for Houston Hammertime : RHP Takehide Ono
|
Batting: LHB Francisco Medina
|
0-0: Swinging Strike 0-1: Called Strike 0-2: Ball 1-2: Strikes out looking
|
Batting: RHB Luis Martínez
|
0-0: Called Strike 0-1: Ball 1-1: Foul Ball, location: 2F 1-2: Strikes out swinging
|
Batting: LHB Sammy Marshall
|
0-0: Called Strike 0-1: Called Strike 0-2: Strikes out swinging
|
Bottom of the 5th over - 0 run(s), 0 hit(s), 0 error(s), 0 left on base; Houston 8 - Santa Monica 4 |
TOP OF THE 6TH |
Houston Hammertime batting - Pitching for Santa Monica Bruins : RHP Mario Chávez
|
Pitching: RHP Manuel López
|
|
Batting: RHB Alonso Holguín
|
0-0: Ball 1-0: Swinging Strike 1-1: Foul Ball, location: 2F 1-2: Strikes out swinging
|
Batting: LHB Tom Baker
|
0-0: Swinging Strike 0-1: Swinging Strike 0-2: Foul Ball, location: 2F 0-2: Ball 1-2: Foul Ball, location: 2F 1-2: Foul Ball, location: 2F 1-2: Ball 2-2: DOUBLE (Line Drive, 78XD)
|
Batting: LHB Leonardo Medina
|
0-0: Intentional Walk
|
Batting: RHB Dan Mason
|
0-0: Foul Ball, location: 2F 0-1: Ball 1-1: Swinging Strike 1-2: Ball 2-2: Ball 3-2: Foul Ball, location: 2F 3-2: Fly out, F8 (Flyball, 8RXD) Runner from 2nd tags up, SAFE at 3rd, no throw
|
Pitching: RHP Rafael Blanco
|
|
Batting: RHB Santo Cruz
|
0-0: Foul Ball, location: 2F 0-1: Single, Error in OF, E7, batter to second base Tom Baker scores Leonardo Medina to third
|
Batting: RHB Carlos Pérez
|
0-0: Intentional Walk
|
Batting: RHB Alberto Chávez
|
0-0: Ball 1-0: Ball 2-0: Called Strike 2-1: Swinging Strike 2-2: Fielders Choice at 2nd, 4-6 (Groundball, 4)
|
Top of the 6th over - 1 run(s), 2 hit(s), 1 error(s), 2 left on base; Houston 9 - Santa Monica 4 |
BOTTOM OF THE 6TH |
Santa Monica Bruins batting - Pitching for Houston Hammertime : RHP Takehide Ono
|
Batting: RHB Griswold Coleman
|
0-0: Ball 1-0: Called Strike 1-1: Called Strike 1-2: Ground out 1-3 (Groundball, 13)
|
Batting: RHB Johnny Williams
|
0-0: Foul Ball, location: 2F 0-1: Ground out 4-3 (Groundball, 4)
|
Batting: LHB Ramiro Martínez
|
0-0: Swinging Strike 0-1: Called Strike 0-2: Foul Ball, location: 2F 0-2: Ball 1-2: Ball 2-2: Strikes out looking
|
Bottom of the 6th over - 0 run(s), 0 hit(s), 0 error(s), 0 left on base; Houston 9 - Santa Monica 4 |
TOP OF THE 7TH |
Houston Hammertime batting - Pitching for Santa Monica Bruins : RHP Rafael Blanco
|
Batting: LHB Fernando Camacho
|
0-0: Foul Ball, location: 2F 0-1: Fly out, F8 (Flyball, 8RM)
|
Batting: SHB Carlos Córdova
|
0-0: Ball 1-0: Foul Ball, location: 2F 1-1: Ball 2-1: Foul Ball, location: 2F 2-2: Strikes out swinging
|
Batting: RHB Alonso Holguín
|
0-0: Ball 1-0: Foul Ball, location: 2F 1-1: SINGLE (Line Drive, 34D)
|
Batting: LHB Tom Baker
|
0-0: Swinging Strike 0-1: Swinging Strike 0-2: Strikes out swinging
|
Top of the 7th over - 0 run(s), 1 hit(s), 0 error(s), 1 left on base; Houston 9 - Santa Monica 4 |
BOTTOM OF THE 7TH |
Santa Monica Bruins batting - Pitching for Houston Hammertime : RHP Takehide Ono
|
Batting: SHB Ray Burgess
|
0-0: SINGLE (Groundball, 4MD)
|
Batting: RHB Fletcher Reed
|
0-0: Ball 1-0: Ball 2-0: Swinging Strike 2-1: SINGLE (Groundball, 6MD) Ray Burgess to second
|
Pitching: RHP José Ortíz
|
|
Batting: RHB Mario Beltrán
|
0-0: Ball 1-0: Called Strike 1-1: Swinging Strike 1-2: SINGLE (Line Drive, 8RS) Ray Burgess to third Fletcher Reed to second
|
Batting: LHB Francisco Medina
|
0-0: Ball 1-0: Ball 2-0: Ball 3-0: Base on Balls Ray Burgess scores Fletcher Reed to third Mario Beltrán to second
|
Batting: RHB Luis Martínez
|
0-0: Ball 1-0: SINGLE (Line Drive, 8LS) Fletcher Reed scores Mario Beltrán to third Francisco Medina to second Runner from 3rd tries for Home, SAFE, throw made home
|
Batting: LHB Sammy Marshall
|
0-0: Ball 1-0: Ball 2-0: Foul Ball, location: 2F 2-1: Called Strike 2-2: Foul Ball, location: 2F 2-2: Ball 3-2: Strikes out swinging
|
Pinch Hitting: LHB Morgan Wright
|
0-0: Foul Ball, location: 2F 0-1: Ball 1-1: Ball 2-1: Foul Ball, location: 2F 2-2: Strikes out swinging
|
Pinch Hitting: LHB Noriaki Sangi
|
0-0: Called Strike 0-1: Foul Ball, location: 2F 0-2: Ball 1-2: Ball 2-2: Ball 3-2: Base on Balls Francisco Medina to third Luis Martínez to second
|
Pinch Hitting: LHB Ray Bryant
|
0-0: Called Strike 0-1: Foul Ball, location: 2F 0-2: Ball 1-2: Reached via error on a dropped throw, E1 Francisco Medina scores Luis Martínez to third Noriaki Sangi to second
|
Batting: SHB Ray Burgess
|
0-0: Ball 1-0: SINGLE (Groundball, 4D) Luis Martínez scores Noriaki Sangi to third Ray Bryant to second Runner from 3rd tries for Home, SAFE, no throw
|
Pitching: LHP Dan Snyder
|
|
Pinch Hitting: RHB Phil White
|
0-0: Ball 1-0: Ball 2-0: Called Strike 2-1: Fly out, F8 (Flyball, 8LS)
|
Bottom of the 7th over - 6 run(s), 5 hit(s), 1 error(s), 2 left on base; Houston 9 - Santa Monica 10 |
TOP OF THE 8TH |
Houston Hammertime batting - Pitching for Santa Monica Bruins : RHP Rafael Blanco
|
Pitching: RHP Jorge Hernández
|
|
Now at 2B: Armando Colón
|
|
Now at 3B: Adrián Nieto
|
|
Now in CF: Francisco Castillo
|
|
Now in RF: Ray Bryant
|
|
Batting: LHB Leonardo Medina
|
0-0: Ball 1-0: Called Strike 1-1: Called Strike 1-2: Ball 2-2: Strikes out looking
|
Pitching: RHP Juan González
|
|
Batting: RHB Dan Mason
|
0-0: Ball 1-0: Foul Ball, location: 2F 1-1: Ball 2-1: Ball 3-1: Foul Ball, location: 2F 3-2: Single, Error in OF, E9, batter to second base
|
Pinch Hitting: LHB Juan Cabańas
|
0-0: Ball 1-0: Called Strike 1-1: Called Strike 1-2: Ball 2-2: Strikes out looking
|
Pinch Hitting: LHB Pat Jones
|
0-0: Ball 1-0: Ball 2-0: Swinging Strike 2-1: Ball 3-1: Base on Balls
|
Batting: RHB Alberto Chávez
|
0-0: Ball 1-0: Foul Ball, location: 2F 1-1: Called Strike 1-2: Strikes out swinging
|
Top of the 8th over - 0 run(s), 1 hit(s), 1 error(s), 2 left on base; Houston 9 - Santa Monica 10 |
BOTTOM OF THE 8TH |
Santa Monica Bruins batting - Pitching for Houston Hammertime : LHP Dan Snyder
|
Now at 2B: Richard Bowman
|
|
Now at SS: David Hernández
|
|
Batting: RHB Mario Beltrán
|
0-0: Fly out, F3 (Popup, 3L)
|
Batting: LHB Francisco Medina
|
0-0: Ball 1-0: Swinging Strike 1-1: Swinging Strike 1-2: Fly out, F3 (Popup, 3L)
|
Batting: RHB Luis Martínez
|
0-0: Ball 1-0: Ball 2-0: Called Strike 2-1: Ball 3-1: Foul Ball, location: 2F 3-2: Base on Balls
|
Pinch Hitting: RHB Pablo Peńa
|
0-0: Ball 1-0: Ball 2-0: Foul Ball, location: 2F 2-1: SINGLE (Groundball, 34D) Luis Martínez to second
|
Batting: RHB Armando Colón
|
0-0: Called Strike 0-1: Ball 1-1: Foul Ball, location: 2F 1-2: Ball 2-2: Fielders Choice at 2nd, 4-6 (Groundball, 4)
|
Bottom of the 8th over - 0 run(s), 1 hit(s), 0 error(s), 1 left on base; Houston 9 - Santa Monica 10 |
TOP OF THE 9TH |
Houston Hammertime batting - Pitching for Santa Monica Bruins : RHP Juan González
|
Pitching: RHP Dave Riley
|
|
Now in LF: Shizue Chouda
|
|
Batting: LHB Fernando Camacho
|
0-0: Called Strike 0-1: Foul Ball, location: 2F 0-2: Foul Ball, location: 2F 0-2: Ball 1-2: Ground out U3 (Groundball, 34)
|
Batting: SHB Carlos Córdova
|
0-0: SINGLE (Groundball, 5D)
|
Batting: RHB Alonso Holguín
|
0-0: Ball 1-0: Called Strike 1-1: Ball 2-1: Ball 3-1: Base on Balls Carlos Córdova to second
|
Batting: LHB Tom Baker
|
0-0: Ball 1-0: Ball 2-0: Ball 3-0: Base on Balls Carlos Córdova to third Alonso Holguín to second
|
Batting: LHB Leonardo Medina
|
0-0: Called Strike 0-1: Ball 1-1: Ball 2-1: Ball 3-1: Base on Balls Carlos Córdova scores Alonso Holguín to third Tom Baker to second
|
Batting: RHB Dan Mason
|
0-0: Swinging Strike 0-1: Foul Ball, location: 2F 0-2: Ball 1-2: Ball 2-2: Ball 3-2: Strikes out swinging
|
Batting: SHB Richard Bowman
|
0-0: Ball 1-0: Ball 2-0: Ball 3-0: Base on Balls Alonso Holguín scores Tom Baker to third Leonardo Medina to second
|
Pitching: RHP Keith Harper
|
|
Batting: RHB David Hernández
|
0-0: Ball 1-0: Ball 2-0: SINGLE (Groundball, 6D) Tom Baker scores Leonardo Medina to third Richard Bowman to second Runner from 3rd tries for Home, SAFE, throw made home
|
Batting: RHB Alberto Chávez
|
0-0: Ball 1-0: Ball 2-0: Swinging Strike 2-1: Foul Ball, location: 2F 2-2: Foul Ball, location: 2F 2-2: Foul Ball, location: 2F 2-2: SINGLE (Line Drive, 78M) Richard Bowman to third David Hernández to second Runner from 3rd tries for Home, SAFE, no throw
|
Batting: LHB Fernando Camacho
|
0-0: Ball 1-0: Called Strike 1-1: Called Strike 1-2: Strikes out swinging
|
Top of the 9th over - 5 run(s), 3 hit(s), 0 error(s), 2 left on base; Houston 14 - Santa Monica 10 |
BOTTOM OF THE 9TH |
Santa Monica Bruins batting - Pitching for Houston Hammertime : LHP Dan Snyder
|
Batting: SHB Adrián Nieto
|
0-0: Ball 1-0: Ball 2-0: Ball 3-0: Base on Balls
|
Batting: LHB Ray Bryant
|
0-0: Called Strike 0-1: Ball 1-1: Ground out 4-3 (Groundball, 4S) Adrián Nieto to second
|
Batting: SHB Ray Burgess
|
0-0: Called Strike 0-1: Ball 1-1: Fly out, F9 (Flyball, 9LSF)
|
Batting: RHB Francisco Castillo
|
0-0: Swinging Strike 0-1: Foul Ball, location: 2F 0-2: Ball 1-2: SINGLE (Groundball, 56D) Adrián Nieto to third Runner from 3rd tries for Home, SAFE, no throw
|
Batting: RHB Mario Beltrán
|
0-0: Ball 1-0: Foul Ball, location: 2F 1-1: Ball 2-1: Ball 3-1: Called Strike 3-2: Foul Ball, location: 2F 3-2: Foul Ball, location: 2F 3-2: SINGLE (Groundball, 6MD) Francisco Castillo to second Francisco Castillo to third
|
Pinch Hitting: RHB Bonifacio Torres
|
0-0: Called Strike 0-1: Ball 1-1: Swinging Strike 1-2: Ball 2-2: Strikes out looking
|
Bottom of the 9th over - 1 run(s), 2 hit(s), 0 error(s), 2 left on base; Houston 14 - Santa Monica 11 |
|